 Dungeon Sprint DCSS version 0.28-a0-1567-g1695149f81 (webtiles) character file.

Game seed: 16193251927639587449

26 innerfire433 the Chopper (level 2, -11/24 HPs)
             Began as a Demonspawn Chaos Knight on Jan 19, 2022.
             Was a Plaything of Xom.
             Mangled by an ogre (25 damage)
             ... in the Dungeon (Sprint I: "Red Sonja").
             The game lasted 00:00:25 (14 turns).

innerfire433 the Chopper (Demonspawn Chaos Knight)    Turns: 14, Time: 00:00:26

Health: -11/24     AC:  5    Str: 12    XL:     2   Next: 89%
Magic:  2/2        EV: 11    Int: 13    God:    Xom [..*...]
Gold:   0          SH:  0    Dex: 12    Spells: 1/1 levels left

rFire   . . .      SeeInvis .   a - +0 hand axe (chaos)
rCold   . . .      Faith    .   (no shield)
rNeg    . . .      Spirit   .   b - +2 leather armour
rPois   .          Reflect  .   (no helmet)
rElec   .          Harm     .   (no cloak)
rCorr   .          Rampage  .   (no gloves)
Will    .....      NoTele   +   (no boots)
Stlth   +.........              (no amulet)
HPRegen 0.08/turn               (no ring)
MPRegen 0.08/turn               (no ring)

@: on berserk cooldown, hasted and slowed
A: demonic touch 1
a: Renounce Religion


You were in the Dungeon.
You worshipped Xom.
You were a toy of Xom.
You visited 1 branch

Inventory:

Hand Weapons
 a - a +0 hand axe of chaos (weapon)
Armour
 b - a +2 leather armour (worn)
Wands
 d - a wand of acid (3)
Scrolls
 h - a scroll of blinking
Potions
 c - a potion of curing
 e - a potion of haste
 f - 2 potions of magic


   Skills:
 - Level 3.0 Fighting
 * Level 6.0 Axes
 - Level 1.7 Armour
 - Level 0.8 Dodging


You had one spell level left.
You didn't know any spells.
Your spell library was empty.

Dungeon Overview and Level Annotations

Branches:
Dungeon (1/1)

Altars:


Innate Abilities, Weirdness & Mutations

Your touch may inflict minor irresistible damage on your foes.


Message History

You slash Ijyb!
Ijyb is moderately wounded.
Ijyb completely misses you.
You hit Ijyb. You burn Ijyb.
Ijyb is heavily wounded.
Ijyb closely misses you.
You slash Ijyb! You burn Ijyb.
You kill Ijyb!
Your Axes skill gained 4 levels and is now at level 6!
You have reached level 2!
Your demonic ancestry asserts itself...
Your hands begin to faintly glow with unholy energy.
d - a wand of acid (5)
Things that are here:
a +0 club; a +0 leather armour
Okay, then.
You feel a strong urge to attack something.
You are no longer berserk.
You are exhausted.
You feel yourself slow down. As you open the door, it creaks loudly!
An ogre comes into view. It is wielding a +0 giant spiked club.
The ogre shouts!
Aiming: Corrosive Bolt
Press: ? - help, Shift-Dir - straight line, f - ogre
Aim: an ogre, wielding a +0 giant spiked club (86% to hit)
The bolt of acid hits the ogre!
The ogre is heavily wounded. "Go forth and destroy!"
You feel yourself speed up.
The ogre hits you with a +0 giant spiked club!
Aiming: Corrosive Bolt
Press: ? - help, Shift-Dir - straight line, f/p - ogre
Aim: an ogre, wielding a +0 giant spiked club (heavily wounded, 86% to hit)
The bolt of acid hits the ogre!
The acid corrodes the ogre!
The ogre is almost dead.
The ogre hits you with a +0 giant spiked club!!
Ouch! That really hurt!
You die...
Xom chuckles heartily!

##########
#<.#.@O..#
#..').#..+
#..#### +#
#..# #..#
#..# #⌠⌠#
####


You could see an ogre (corroded).

Vanquished Creatures
  Ijyb (D)
1 creature vanquished.

Notes
Turn   | Place    | Note
-------+----------+-------------------------------------------
     0 | D        | innerfire433 the Demonspawn Chaos Knight began the quest
                  | for the Orb.
     0 | D        | Reached XP level 1. HP: 18/18 MP: 1/1
     1 | D        | Noticed Ijyb
     1 | D        | Xom revived you
     7 | D        | Killed Ijyb
     8 | D        | Reached skill level 6 in Axes
     8 | D        | Gained mutation: Your touch may inflict minor irresistible
                  | damage on your foes. [demonic ancestry]
     8 | D        | Reached XP level 2. HP: 24/24 MP: 2/2
    12 | D        | Noticed an ogre
    13 | D        | XOM: potion effect (haste)
    14 | D        | Mangled by an ogre

Illustrated notes

Levels and vault maps discovered:
D:        dungeon_sprint_1 [red_sonja_temple_1, red_sonja_temple_small_1]

Skill      XL: |  1 |
---------------+----+-----
Axes           | 6 |  6.0
Fighting       | |  3.0
Armour         | |  1.7
Dodging        | |  0.8

Action                   || total
-------------------------++-------
Melee: Hand axe          ||     3
Evoke: Wand              ||     2
  Use: Potion            ||     2
Dodge: Dodged            ||     3

Table legend: (Time is in decaauts)
 A = Elapsed time spent in this place.
 B = Non-inter-level travel time spent in this place.
 C = Inter-level travel time spent in this place.
 D = Time resting spent in this place.
 E = Time spent auto-exploring this place.
 F = Levels seen in this place.
 G = Mean time per level.
                   A        B        C        D        E       F      G
               +--------+--------+--------+--------+--------+-----+--------+
         Total |     12 |     12 |      0 |      0 |      1 |   1 |   12.0 |
       Dungeon |     12 |     12 |      0 |      0 |      1 |   1 |   12.0 |
               +--------+--------+--------+--------+--------+-----+--------+

Top non-repeatable levels by time:
       D: 12 daAuts
